 Dungeon Sprint DCSS version 0.27-a0-972-gd1521fd518 (webtiles) character file.

Game seed: 7146202645319993384

134 mhtbhm the Geomancer (level 5, -2/29 HPs)
             Began as a Gargoyle Earth Elementalist on Apr 13, 2021.
             Shot with an arrow by a centaur (10 damage)
             ... in the Dungeon (Sprint IX: "|||||||||||||||||||||||||||||").
             The game lasted 00:01:00 (132 turns).

mhtbhm the Geomancer (Gargoyle Earth Elementalist)   Turns: 132, Time: 00:01:01

Health: -2/29      AC:  6    Str: 12    XL:     5   Next: 17%
Magic:  0/12       EV: 12    Int: 16    God:
Gold:   0          SH:  0    Dex: 10    Spells: 11/14 levels left

rFire    . . .     SeeInvis .   (no weapon)
rCold    . . .     Faith    .   (no shield)
rNeg     + . .     Spirit   .   c - +0 robe
rPois    ∞         Reflect  .   (no helmet)
rElec    +         Harm     .   (no cloak)
rCorr    .         Rampage  .   (no gloves)
Will     .....     NoTele   +   (no boots)
Stlth    ++........             (no amulet)
HPRegen  0.09/turn              (no ring)
MPRegen  0.13/turn              (no ring)

@: no status effects
A: AC +4, negative energy resistance 1, electricity resistance, torment
resistance 1, unbreathing 1, petrification resistance
a: no special abilities


You were in the Dungeon.
You visited 1 branch

Inventory:

Missiles
 b - 12 stones
Armour
 c - a +0 robe (worn)
Scrolls
 i - a scroll of blinking
Potions
 d - a potion of curing
 f - a potion of haste
 g - a potion of magic
 h - a potion of berserk rage


   Skills:
 + Level 1.0 Fighting
 + Level 3.1 Dodging
 - Level 2.8 Stealth
 + Level 5.0 Spellcasting
 + Level 1.4 Transmutations
 + Level 9.4 Earth Magic


You had 11 spell levels left.
You knew the following spells:

 Your Spells              Type           Power      Damage    Failure   Level
a - Sandblast             Erth           68%        2d15      1%          1
b - Passwall              Tmut/Erth      17%        N/A       2%          2

Your spell library contained the following spells:

 Spells                   Type           Power      Damage    Failure   Level
 Stone Arrow              Conj/Erth      38%        3d9       7%          3
 Lee's Rapid Deconstruct  Erth           17%        3d11*     9%          5
 Petrify                  Tmut/Erth      21%        N/A       16%         4


Dungeon Overview and Level Annotations

Branches:
Dungeon (1/1)

Altars:


Innate Abilities, Weirdness & Mutations

Your stone body is resilient. (AC +4)
You are immune to poison.
You resist negative energy. (rN+)
You are resistant to electric shocks. (rElec)
You are resistant to unholy torment.
You can survive without breathing.
You are immune to petrification.


Message History

The orc hits you but does no damage.
There is an open door to the Dungeon here.
Things that are here:
a quokka corpse; a jackal corpse
Casting: Sandblast (safe; 1% risk of failure)
Confirm with . or Enter, or press ? or * to list all spells.
Aiming: Sandblast (safe; 1% risk of failure)
Press: ? - help, Shift-Dir - straight line, f - orc
Aim: an orc, wielding a +0 short sword, wearing a +0 ring mail and quivering boomerangs (16% to evade)
The blast of sand hits the orc.
The orc is lightly wounded.
The orc misses you.
Unknown command.
You hit the orc but do no damage.
The orc is lightly wounded.
The orc barely misses you.
You closely miss the orc.
The orc is lightly wounded.
The orc hits you but does no damage.
You hit the orc but do no damage.
The orc is lightly wounded.
The orc hits you but does no damage.
You barely miss the orc.
The orc is lightly wounded.
The orc barely misses you.
You hit the orc but do no damage.
The orc is lightly wounded.
The orc hits you with a +0 short sword.
Casting: Sandblast (safe; 1% risk of failure)
Confirm with . or Enter, or press ? or * to list all spells.
Aiming: Sandblast (safe; 1% risk of failure)
Press: ? - help, Shift-Dir - straight line, f/p - orc
Aim: an orc, wielding a +0 short sword, wearing a +0 ring mail and quivering boomerangs (lightly wounded, 16% to evade)
The blast of sand hits the orc!
You kill the orc!
The centaur wields a +0 shortbow.
The centaur shoots an arrow.
The arrow hits you!
* * * LOW HITPOINT WARNING * * *
The centaur shoots an arrow.
The arrow hits you!
You die...

▓▓▓
▓<▓
▓.▓
▓.▓
▓.▓
▓@▓
▓)▓
▓c▓
▓.▓
▓.▓
▓.▓
▓)▓
▓.▓
▓.▓


You could see a centaur.

Vanquished Creatures
  A sky beast (D)
  A jelly (D)
  2 orcs (D)
  A bat (D)
  An endoplasm (D)
  A hobgoblin (D)
  A jackal (D)
  A quokka (D)
9 creatures vanquished.

Notes
Turn   | Place    | Note
-------+----------+-------------------------------------------
     0 | D        | mhtbhm the Gargoyle Earth Elementalist began the quest for
                  | the Orb.
     0 | D        | Reached XP level 1. HP: 10/10 MP: 3/3
     5 | D        | Reached skill level 4 in Earth Magic
    32 | D        | Reached skill level 5 in Earth Magic
    51 | D        | Reached XP level 2. HP: 14/15 MP: 0/5
    54 | D        | Learned a level 2 spell: Passwall
    99 | D        | Noticed a sky beast
    99 | D        | Noticed a centaur
   110 | D        | Killed a sky beast
   111 | D        | Reached skill level 1 in Transmutations
   111 | D        | Reached skill level 8 in Earth Magic
   111 | D        | Reached XP level 3. HP: 20/20 MP: 1/9
   111 | D        | Reached XP level 4. HP: 24/24 MP: 1/10
   112 | D        | Reached skill level 1 in Fighting
   112 | D        | Reached skill level 5 in Spellcasting
   112 | D        | Reached skill level 9 in Earth Magic
   112 | D        | Reached XP level 5. HP: 29/29 MP: 1/12
   132 | D        | Shot with an arrow by a centaur

Illustrated notes

Levels and vault maps discovered:
D:        linesprint [early_d, line_temple, items_1, d_10, items_2, lair_1,
          lair_end, items_3, orc_1, orc_end, items_4, d_15, swamp_1, shoals_1,
          snake_1, spider_1, d_20, vaults_1, items_5, swamp_end, shoals_end,
          snake_end, spider_end, vaults_end, d_27, items_6, zot_1, zot_end,
          crypt_end, forest_end, elf_end, slime_end, tomb_end, abyss_end,
          pan_hell_end]

Skill      XL: |  1  2  3  4 |
---------------+-------------+-----
Earth Magic    | 5 8 9 |  9.4
Dodging        | 2 3 |  3.1
Spellcasting   | 4 5 |  5.0
Transmutations | 1 |  1.4
Fighting       | 1 |  1.0
Stealth        | |  2.8

Action                   |  1- 3 |  4- 6 || total
-------------------------+-------+-------++-------
Melee: Unarmed           |     6 |     5 ||    11
 Cast: Sandblast         |    14 |     4 ||    18
  Use: Potion            |     2 |       ||     2
Armor: Robe              |     9 |     3 ||    12
Dodge: Dodged            |    18 |     6 ||    24

Table legend: (Time is in decaauts)
 A = Elapsed time spent in this place.
 B = Non-inter-level travel time spent in this place.
 C = Inter-level travel time spent in this place.
 D = Time resting spent in this place.
 E = Time spent auto-exploring this place.
 F = Levels seen in this place.
 G = Mean time per level.
                   A        B        C        D        E       F      G
               +--------+--------+--------+--------+--------+-----+--------+
         Total |    132 |    132 |      0 |     66 |      3 |   1 |  132.0 |
       Dungeon |    132 |    132 |      0 |     66 |      3 |   1 |  132.0 |
               +--------+--------+--------+--------+--------+-----+--------+

Top non-repeatable levels by time:
       D: 132 daAuts
